 Dungeon Crawl Stone Soup version 0.29.0-5-ge4962eb29e (webtiles) character file.

Game seed: 6958760402098489437

49 themarg the Covered (level 3, -1/31 HPs)
             Began as a Gnoll Wanderer on Aug 29, 2022.
             Killed from afar by Natasha (9 damage)
             ... with a puff of flame
             ... on level 2 of the Dungeon.
             The game lasted 00:02:49 (891 turns).

themarg the Covered (Gnoll Wanderer)                 Turns: 891, Time: 00:02:50

Health: -1/31      AC: 10    Str: 21    XL:     3   Next: 77%
Magic:  7/7        EV:  8    Int:  7    God:
Gold:   78         SH:  0    Dex:  7    Spells: 7/7 levels left

rFire   . . .      SeeInvis .   a - +1 mace
rCold   . . .      Faith    .   (no shield)
rNeg    . . .      Spirit   .   b - +0 chain mail
rPois   .          Reflect  .   (no helmet)
rElec   .          Harm     .   (no cloak)
rCorr   .          Rampage  .   (no gloves)
Will    .....                   (no boots)
Stlth   ..........              (no amulet)
HPRegen 0.10/turn               (no ring)
MPRegen 0.10/turn               (no ring)

@: hasted, very quick
A: fangs 1, strong nose, distributed training
a: no special abilities


You were on level 2 of the Dungeon.
You visited 1 branch of the dungeon, and saw 2 of its levels.

You collected 78 gold pieces.

Inventory:

Hand Weapons
 a - a +1 mace (weapon)
Armour
 b - a +0 chain mail (worn)
Scrolls
 e - a scroll of teleportation {unknown}
 h - a scroll of silence {unknown}
 i - 3 scrolls of enchant weapon {unknown}
 j - a scroll of fear {unknown}
 k - 3 scrolls of identify {unknown}
Potions
 d - 2 potions of lignification {unknown}
 f - a potion of invisibility {unknown}
 g - 2 potions of attraction {unknown}


   Skills:
 + Level 4.6 Fighting
 + Level 1.0 Short Blades
 + Level 1.0 Long Blades
 + Level 1.0 Axes
 + Level 6.5 Maces & Flails
 + Level 1.0 Polearms
 + Level 1.0 Staves
 + Level 1.0 Ranged Weapons
 + Level 1.0 Throwing
 + Level 6.5 Armour
 + Level 1.0 Dodging
 + Level 2.4 Stealth
 + Level 1.0 Shields
 + Level 1.0 Unarmed Combat
 + Level 2.9 Spellcasting
 + Level 0.7 Conjurations
 + Level 0.7 Hexes
 + Level 0.7 Summonings
 + Level 0.7 Necromancy
 + Level 0.7 Translocations
 + Level 0.7 Transmutations
 + Level 0.7 Fire Magic
 + Level 0.7 Ice Magic
 + Level 0.7 Air Magic
 + Level 0.7 Earth Magic
 + Level 0.7 Poison Magic
 + Level 1.0 Invocations
 + Level 1.0 Evocations


You had 7 spell levels left.
You didn't know any spells.
Your spell library was empty.

Dungeon Overview and Level Annotations

Branches:
Dungeon (2/15)

Altars:
Ashenzari

Annotations:
D:2 Natasha, Robin


Innate Abilities, Weirdness & Mutations

You have very sharp teeth.
Your uncanny sense of smell can sniff out nearby items.
Your experience applies equally to all skills.


Message History

a +0 dagger; a goblin corpse You hit Natasha.
Your bite misses Natasha.
Natasha is moderately wounded.
Natasha claws you. Robin throws the goblin at you!
The goblin hits you but does no damage.
You sock Natasha!
Natasha is almost dead.
Natasha claws you but does no damage. The goblin hits you but does no damage.
You closely miss Natasha.
Natasha is almost dead.
Natasha claws you but does no damage.
A goblin comes into view. It is wielding a +0 club.
The goblin hits you with a +0 dagger.
Natasha mumbles some strange words.
Natasha shimmers violently.
Natasha zaps a wand.
The puff of flame misses you.
The puff of flame hits the goblin!
The goblin dies!
You closely miss Natasha.
The goblin shouts!
You bite Natasha, but do no damage.
Natasha is almost dead.
You hear a shout! x2; You hear an angry hiss.
Robin roars a battlecry!
The goblins go into a battle-frenzy!
Natasha zaps a wand.
The puff of flame misses you.
You hit Natasha but do no damage. Your punch misses Natasha.
Natasha is almost dead.
Robin throws the goblin at you! The goblin barely misses you.
A goblin comes into view. It is wielding a +0 club.
Natasha zaps a wand.
The puff of flame hits you!
Robin roars a battlecry!
The goblin hits you with a +0 club.
You hear an angry hiss.
You barely miss Natasha. You bite Natasha, but do no damage.
Natasha is almost dead.
Natasha claws you but does no damage. The goblin hits you with a +0 club.
* * * LOW HITPOINT WARNING * * *
You feel yourself speed up.
Natasha zaps a wand.
The puff of flame hits you!
You die...

.~.. ~..~. ~.hg.
.g~g.g #######
###....g.
#[......#
#gg......
##.....#.# #g#
#..._....###h#
#.........##@#
#>.........#g#
#............#
#...........##
#. #..........##
..[
#..........##..#
##............#
#..........####
#..........#


You could see Robin, Natasha and 3 goblins.

Vanquished Creatures
  2 adders (D:2)
  3 giant cockroaches
  A goblin (D:2)
  A hobgoblin (D:1)
  4 jackals (D:1)
  4 kobolds (D:1)
  3 quokkas
  2 ball pythons (D:1)
  5 bats
  A frilled lizard (D:1)
  4 rats (D:1)
30 creatures vanquished.

Vanquished Creatures (others)
  A goblin (D:2)
  A fungus (D:2)
  3 plants (D:2)
5 creatures vanquished.

Grand Total: 35 creatures vanquished

Notes
Turn   | Place    | Note
-------+----------+-------------------------------------------
     0 | D:1      | themarg the Gnoll Wanderer began the quest for the Orb.
     0 | D:1      | themarg set off with the following items: a +1 mace, a +0
                  | chain mail, a potion of haste.
     0 | D:1      | Reached XP level 1. HP: 20/20 MP: 4/4
   161 | D:1      | Reached XP level 2. HP: 26/26 MP: 5/5
   354 | D:1      | Reached XP level 3. HP: 31/31 MP: 7/7
   644 | D:2      | Reached skill level 1 in Invocations
   647 | D:2      | Reached skill level 1 in Short Blades
   647 | D:2      | Reached skill level 1 in Long Blades
   647 | D:2      | Reached skill level 1 in Axes
   647 | D:2      | Reached skill level 1 in Polearms
   647 | D:2      | Reached skill level 1 in Staves
   647 | D:2      | Reached skill level 1 in Ranged Weapons
   647 | D:2      | Reached skill level 1 in Throwing
   647 | D:2      | Reached skill level 1 in Dodging
   647 | D:2      | Reached skill level 1 in Shields
   647 | D:2      | Reached skill level 1 in Unarmed Combat
   647 | D:2      | Reached skill level 1 in Evocations
   864 | D:2      | Found a broken altar of Ashenzari.
   875 | D:2      | Noticed Robin
   875 | D:2      | Noticed Natasha
   891 | D:2      | Killed from afar by Natasha

Illustrated notes

Levels and vault maps discovered:
D:1:      dpeg_arrival_tiny_d, layout_rooms, item_on_display_a
D:2:      cheibrodos_helix_gallery, layout_rooms,
          shapermc_ecumenical_altar_mp_urbaneastern, basic_altar, uniq_robin,
          uniq_natasha

Skill      XL: |  1  2  3 |
---------------+----------+-----
Invocations    | 1 |  1.0
Short Blades   | 1 |  1.0
Long Blades    | 1 |  1.0
Axes           | 1 |  1.0
Polearms       | 1 |  1.0
Staves         | 1 |  1.0
Ranged Weapons | 1 |  1.0
Throwing       | 1 |  1.0
Dodging        | 1 |  1.0
Shields        | 1 |  1.0
Unarmed Combat | 1 |  1.0
Evocations     | 1 |  1.0
Fighting       | |  4.6
Maces & Flails | |  6.5
Armour         | |  6.5
Stealth        | |  2.4
Spellcasting   | |  2.9
Conjurations   | |  0.7
Hexes          | |  0.7
Summonings     | |  0.7
Necromancy     | |  0.7
Translocations | |  0.7
Transmutations | |  0.7
Fire Magic     | |  0.7
Ice Magic      | |  0.7
Air Magic      | |  0.7
Earth Magic    | |  0.7
Poison Magic   | |  0.7

Action                   || total
-------------------------++-------
Melee: Mace              ||    85
       Bite              ||     4
  Use: Potion            ||     1
Armor: Chain mail        ||    89
Dodge: Dodged            ||    50
